 Dungeon Crawl Stone Soup version 0.32-a0-768-g0f6f1dd4b9 (webtiles) character file.

Game seed: 5145920705339552673

1262 ezpacito the Trooper (level 8, -1/64 (74) HPs)
             Began as a Coglin Chaos Knight on Mar 18, 2024.
             Was a Plaything of Xom.
             Slain by a water moccasin (6 damage)
             ... on level 5 of the Dungeon.
             The game lasted 00:06:00 (4504 turns).

ezpacito the Trooper (Coglin Chaos Knight)          Turns: 4504, Time: 00:06:01

HP:   -1/64 (74)    AC: 10    Str: 18      XL:     8   Next: 52%
MP:   11/11         EV:  8    Int: 11      God:    Xom [*.....]
Gold: 199           SH:  0    Dex: 12 (13) Spells: 6/11 levels left

rFire   . . .        a - +0 hand axe (chaos) {Cipactli}
rCold   . . .        r - +2 dagger (chaos) {Soledad}
rNeg    . . .        d - +0 chain mail
rPois   .            (no helmet)
rElec   .            (no cloak)
rCorr   .            (no gloves)
SInv    .            s - +0 pair of boots
Will    .....        (amulet unavailable) Stlth
                     (ring unavailable)
HPRegen 0.00/turn    (ring unavailable)
MPRegen 0.12/turn    (no gizmo)

%: no passive effects
@: lethally poisoned (-1 -> -22), inhibited regen, heavily drained, revved
A: off-hand wielding, slow wielding, warmup strikes, no jewellery, camouflage 1,
sense surroundings 1, robust 2, inhibited regeneration, strong 1
a: Invent Gizmo, Renounce Religion


You were on level 5 of the Dungeon.
You worshipped Xom.
You were a special plaything of Xom.
You visited 2 branches of the dungeon, and saw 7 of its levels.

You collected 297 gold pieces.
You spent 98 gold pieces at shops.

Inventory:

Hand Weapons
 a - a +0 hand axe of chaos (weapon) {Cipactli}
 o - a +0 trident {Myungok}
 r - a +2 dagger of chaos (offhand) {Soledad}
 z - a +0 heavy war axe
Missiles
 i - 3 darts of dispersal
 p - 3 datura-tipped darts
 t - 2 boomerangs (quivered)
 C - a throwing net
Armour
 d - a +0 chain mail (worn)
 s - a +0 pair of boots (worn)
 y - a +0 helmet
Magical Staves
 v - a staff of air
 x - a staff of cold
Scrolls
 b - a scroll of fog {unknown}
 f - a scroll of fear {unknown}
 j - 2 scrolls of teleportation {unknown}
 m - a scroll of amnesia {unknown}
 u - a scroll of enchant weapon {unknown}
 w - a scroll of vulnerability {unknown}
 A - a scroll of poison {unknown}
 B - 2 scrolls of blinking
Potions
 h - a potion of haste
 k - a potion of attraction
 n - a potion of resistance


   Skills:
 * Level 5.0 Fighting
 * Level 5.0(5.3) Axes
 + Level 2.3(3.7) Polearms
 * Level 4.0 Armour
 * Level 3.6 Dodging
 + Level 2.1 Stealth
 + Level 2.1 Spellcasting
 + Level 2.3 Alchemy
 + Level 2.0 Evocations


You had 6 spell levels left.
You knew the following spells:

 Your Spells              Type           Power      Damage    Failure   Level
a - Freeze                Ice            4%         1d3       95%         1
b - Fulminant Prism       Conj/Alch      1%         3d5       100%        4

Your spell library contained the following spells:

 Spells                   Type           Power      Damage    Failure   Level
 Frozen Ramparts          Ice            2%         1d1       100%        3
 Hailstorm                Conj/Ice       1%         3d5       100%        3
 Volatile Blastmotes      Fire/Tloc      2%         2d10      100%        3
 Iskenderun's Mystic Bla  Conj/Tloc      1%         2d3       100%        4


Dungeon Overview and Level Annotations

Branches:
Dungeon (6/15)             Temple (1/1) D:5

Altars:
Ashenzari
Cheibriados
Fedhas
Gozag
Hepliaklqana
Kikubaaqudgha
Makhleb
Nemelex Xobeh
Trog
Uskayaw
Xom
Yredelemnul
Zin
The Shining One

Shops:
D:3 :[


Innate Abilities, Weirdness & Mutations

You can wield a second weapon in your off-hand.
It takes a long time for you to wield or remove held weapons.
Your first few attacks do less damage.
You cannot equip rings or amulets.
Your skin changes colour to match your surroundings (Stealth+).
You passively map a small area around you.
You are very robust. (+20% HP)
You do not regenerate when monsters are visible.
Your muscles are strong. (Str +4, Int/Dex -1)


Message History

You barely miss the gnoll with your +0 hand axe of chaos.
You hit the water moccasin with your +2 dagger of chaos.
The water moccasin suddenly seems more resistant.
You feel very sick.
The water moccasin bites you but does no damage.
The gnoll hits you with a +0 flail.
You take 10 damage, and have 24/63 hp.
You closely miss the water moccasin with your +2 dagger of chaos.
The water moccasin is heavily wounded.
You completely miss the water moccasin with your +0 hand axe of chaos.
You hit the gnoll with your +0 hand axe of chaos.
The gnoll convulses.
You kill the gnoll!
You feel very sick.
The water moccasin bites you but does no damage.
You take 4 damage, and have 20/64 hp.
You closely miss the water moccasin with your +2 dagger of chaos.
The water moccasin is heavily wounded.
You miss the water moccasin with your +0 hand axe of chaos.
You feel very sick.
The water moccasin bites you but does no damage. x2
You take 3 damage, and have 17/64 hp.
You slash the water moccasin with your +0 hand axe of chaos!
You freeze the water moccasin.
The water moccasin is severely wounded.
You barely miss the water moccasin with your +2 dagger of chaos.
You feel very sick. The water moccasin bites you.
* * * LOW HITPOINT WARNING * * *
You are lethally poisoned!
The water moccasin poisons you!
You take 7 damage, and have 10/64 hp.
You hit the water moccasin with your +2 dagger of chaos.
You burn the water moccasin.
The water moccasin is almost dead.
You miss the water moccasin with your +0 hand axe of chaos.
* * * LOW HITPOINT WARNING * * *
You feel very sick. The water moccasin closely misses you.
The water moccasin bites you.
You die...

#####.###.#...÷..#####.###
#.##..###.#.##......##.#
...^......#.#........#.#
..>..#........###.#<.#.##########
.)..###.#.#.#.# #.#..#.##.......#
##..###...#.#÷###......##.##.##.#
###..##..##..........####.#..>...
...#..##..####....##.# #.##.##.#
........#.# #.)@).).# #.......#
......))..# ##S###### ####.####
..#.###.### #...# #.......#
#.#.###.### #...# #.##.##.#
#.#.......# #...########.##.##.#
....###.#.# #.........##.##.##.#
#.#.###.#.####...#####.#........#
#......................#........#
.....#.######............##......


You could see a water moccasin (resistant).

Vanquished Creatures
  A water moccasin (D:5)
  An ice beast (D:5)
  A centaur (D:5)
  An ogre (D:5)
  3 phantoms
  2 howler monkeys
  3 hounds (D:5)
  2 orc priests
  Terence (D:3)
  3 iguanas
  2 orc wizards (D:3)
  Robin (D:4)
  10 adders
  9 gnolls (D:5)
  A river rat (D:3)
  A ribbon worm (D:4)
  2 dart slugs
  13 orcs
  6 endoplasms
  2 giant cockroaches
  14 goblins
  6 hobgoblins
  4 quokkas
  7 ball pythons
  A bat (D:2)
  4 frilled lizards
  9 kobolds
  6 rats
116 creatures vanquished.

Vanquished Creatures (collateral kills)
  A giant cockroach (D:4)
  A kobold (D:4)
2 creatures vanquished.

Vanquished Creatures (others)
  A kobold (D:4)
1 creature vanquished.

Grand Total: 119 creatures vanquished

Notes
Turn   | Place    | Note
-------+----------+-------------------------------------------
     0 | D:1      | ezpacito the Coglin Chaos Knight began the quest for the
                  | Orb.
     0 | D:1      | Reached XP level 1. HP: 18/18 MP: 1/1
    39 | D:1      | XOM: potion effect (berserk rage)
    44 | D:1      | Reached skill level 1 in Dodging
    73 | D:1      | XOM: silly message
   133 | D:1      | XOM: potion effect (might)
   135 | D:1      | Reached XP level 2. HP: 24/24 MP: 2/2
   189 | D:1      | XOM: silly message
   285 | D:1      | Found a faded altar of an unknown god.
   571 | D:2      | Reached XP level 3. HP: 23/29 MP: 3/3
   585 | D:2      | XOM: 7-stop teleportation journey
   603 | D:2      | XOM: 1-stop teleportation journey
   755 | D:2      | XOM: scenery: create altars
  1456 | D:3      | Found Qegiorphoak's Armour Boutique.
  1560 | D:3      | Reached XP level 4. HP: 26/35 MP: 4/4
  1698 | D:3      | Noticed Terence
  1712 | D:3      | Killed Terence
  1801 | D:3      | Reached skill level 1 in Polearms
  1801 | D:3      | Reached XP level 5. HP: 28/41 MP: 6/6
  1803 | D:3      | Reached skill level 1 in Spellcasting
  1855 | D:3      | Found Putaishra's Book Shoppe.
  1865 | D:3      | Learned a level 1 spell: Freeze
  1870 | D:3      | Learned a level 4 spell: Fulminant Prism
  1886 | D:3      | Bought a +0 helmet for 49 gold pieces
  1886 | D:3      | Bought a +0 pair of boots for 49 gold pieces
  1916 | D:3      | XOM: enchant monster (good)
  2165 | D:3      | XOM: god gift: 8 stones
  2233 | D:3      | XOM: god gift: 30 gold pieces
  2246 | D:3      | Reached skill level 1 in Stealth
  2321 | D:4      | Reached XP level 6. HP: 33/48 MP: 7/7
  2322 | D:4      | Noticed Robin
  2412 | D:4      | Killed Robin
  2514 | D:4      | XOM: cast spell 'Discord'
  2525 | D:4      | Reached skill level 1 in Alchemy
  2620 | D:4      | XOM: chaos upgrade
  2666 | D:4      | Reached XP level 7. HP: 54/54 MP: 9/9
  2678 | D:4      | XOM: 2-stop teleportation journey
  3038 | D:5      | Entered Level 5 of the Dungeon
  3088 | D:5      | XOM: give mutations
  3088 | D:5      | Gained mutation: Your skin changes colour to match your
                  | surroundings (Stealth+). [Xom's mischief]
  3088 | D:5      | Gained mutation: You do not regenerate when monsters are
                  | visible. [Xom's mischief]
  3088 | D:5      | Gained mutation: You are robust. (+10% HP) [Xom's mischief]
  3308 | D:5      | Reached skill level 1 in Evocations
  3570 | D:5      | Reached XP level 8. HP: 65/67 MP: 10/10
  3651 | D:5      | Found a glowing silver altar of Zin.
  3660 | D:5      | Found a bloodstained altar of Trog.
  3679 | D:5      | Found a staircase to the Ecumenical Temple.
  3705 | D:5      | XOM: smoke on damage
  3717 | Temple   | Entered the Ecumenical Temple
  3799 | Temple   | XOM: give mutations
  3799 | Temple   | Gained mutation: You have a pair of small horns on your
                  | head. [Xom's mischief]
  3799 | Temple   | Gained mutation: You have a pair of horns on your head.
                  | [Xom's mischief]
  3799 | Temple   | Gained mutation: You are very robust. (+20% HP) [Xom's
                  | mischief]
  3799 | Temple   | Lost mutation: You have a pair of horns on your head.
                  | [Xom's mischief]
  4060 | D:5      | XOM: summons 2 hostile demons
  4144 | D:5      | HP: 3/73 [iguana (18)]
  4144 | D:5      | XOM: butterfly on damage
  4153 | D:5      | Reached skill level 5 in Fighting
  4156 | D:5      | HP: 2/74 [centaur/arrow (6)]
  4159 | D:5      | Reached skill level 5 in Axes
  4180 | D:5      | XOM: draining
  4190 | D:5      | XOM: summons 5 hostile demons
  4193 | D:5      | HP: 3/63 [ufetubus[Xom] (2)]
  4485 | D:5      | XOM: give mutations
  4485 | D:5      | Gained mutation: Your muscles are strong. (Str +4, Int/Dex
                  | -1) [Xom's mischief]
  4485 | D:5      | Gained mutation: You passively map a small area around you.
                  | [Xom's mischief]
  4485 | D:5      | Lost mutation: You have a pair of small horns on your head.
                  | [Xom's mischief]
  4496 | D:5      | XOM: stat loss: -1 Dex (12/13)
  4504 | D:5      | Slain by a water moccasin

Illustrated notes

Levels and vault maps discovered:
D:1:      co_arrival_two_rings, layout_basic, ebering_ecumenical_altar_mist
D:2:      layout_basic
D:3:      layout_loops_cross, serial_shops, nicolae_shop_peninsula, shop_statue,
          minmay_door_square, uniq_terence
D:4:      layout_rooms, uniq_robin
D:5:      layout_loops_cross, mainiacjoe_overflow_swirl,
          minmay_temple_entry_wispy
D:6:      layout_loops_cross, serial_bayou_ford_a
Temple:   nicolae_temple_godzebo

Skill      XL: |  1  2  3  4  5  6  7  8 |
---------------+-------------------------+-----
Dodging        | 1 2 3 |  3.6
Armour         | 2 3 4 |  4.0
Polearms       | 1 2 |  2.3
Spellcasting   | 1 2 |  2.1
Stealth        | 1 2 |  2.1
Fighting       | 4 5 |  5.0
Axes           | 4 5 |  5.0
Alchemy        | 1 2 |  2.3
Evocations     | 1 2 |  2.0

Action                     |  1- 3 |  4- 6 |  7- 9 || total
---------------------------+-------+-------+-------++-------
  Melee: Dagger            |    61 |       |   126 ||   187
         Hand axe          |    72 |   100 |   141 ||   313
         Spear             |     7 |    38 |       ||    45
         Trident           |       |    79 |    19 ||    98
         Headbutt          |       |       |     8 ||     8
    Use: Potion            |       |     1 |     8 ||     9
         Scroll            |       |       |     7 ||     7
   Stab: Petrifying        |     1 |       |     1 ||     2
         Sleeping          |       |     1 |       ||     1
         Paralysed         |       |     5 |     2 ||     7
         Confused          |       |       |     3 ||     3
         Invisible         |       |       |     1 ||     1
 Armour: Leather armour    |    48 |     8 |       ||    56
         Chain mail        |       |    99 |   161 ||   260
  Dodge: Dodged            |    50 |    50 |    71 ||   171

Table legend: (Time is in decaauts)
 A = Elapsed time spent in this place.
 B = Non-inter-level travel time spent in this place.
 C = Inter-level travel time spent in this place.
 D = Time resting spent in this place.
 E = Time spent auto-exploring this place.
 F = Levels seen in this place.
 G = Mean time per level.
                   A        B        C        D        E       F      G
               +--------+--------+--------+--------+--------+-----+--------+
         Total |   4536 |   4358 |    178 |    520 |   2966 |   7 |  648.0 |
       Dungeon |   4452 |   4274 |    178 |    438 |   2966 |   6 |  742.0 |
        Temple |     83 |     83 |      0 |     82 |      0 |   1 |   83.0 |
               +--------+--------+--------+--------+--------+-----+--------+

Top non-repeatable levels by time:
     D:5: 1323 daAuts
     D:3: 1052 daAuts
     D:2: 766 daAuts
     D:4: 702 daAuts
     D:1: 573 daAuts
  Temple: 83 daAuts
     D:6: 34 daAuts
